 Dungeon Crawl Stone Soup version 0.30-a0-760-g5a9884bb7c (webtiles) character file.

Game seed: 6649538115102174723

90 sircluck the Sneak (level 4, -7/44 HPs)
             Began as a Troll Delver on Feb 10, 2023.
             Mangled by an orc warrior
             ... wielding a +0 dire flail
              (22 damage)
             ... on level 5 of the Dungeon.
             The game lasted 00:00:18 (35 turns).

sircluck the Sneak (Troll Delver)                     Turns: 35, Time: 00:00:18

Health: -7/44      AC:  4    Str: 22    XL:     4   Next: 32%
Magic:  3/3        EV: 10    Int:  6    God:
Gold:   0          SH:  0    Dex: 11    Spells: 3/3 levels left

rFire   . . .      SeeInvis .      - Unarmed
rCold   . . .      Faith    .    (no shield)
rNeg    . . .      Spirit   .    a - +0 robe
rPois   .          Reflect  .    (helmet restricted)
rElec   .          Harm     .    (no cloak)
rCorr   .          Rampage  .    (gloves unavailable)
Will    .....                    (boots unavailable)
Stlth   ++                       (no amulet)
HPRegen 1.07/turn                (no ring)
MPRegen 0.08/turn                (no ring)

@: no status effects
A: large, unfitting armour, claws 3, regeneration 1, shaggy fur 1, tough skin 1
a: no special abilities


You were on level 5 of the Dungeon.
You visited 1 branch of the dungeon, and saw 1 of its levels.

Inventory:

Armour
 a - a +0 robe (worn)
Wands
 f - a wand of digging (3)
Scrolls
 b - a scroll of fog
 c - a scroll of magic mapping
 d - a scroll of fear
Potions
 e - a potion of haste
 g - a potion of berserk rage {unknown}


   Skills:
 + Level 2.7 Fighting
 + Level 1.9 Dodging
 + Level 3.5 Stealth
 + Level 2.3 Unarmed Combat


You had 3 spell levels left.
You didn't know any spells.
Your spell library was empty.

Dungeon Overview and Level Annotations

Branches:
Dungeon (5/15)
 Temple: D:4-7

Altars:


Innate Abilities, Weirdness & Mutations

You are too large for most types of armour.
You have claws for hands.
Your natural rate of healing is unusually fast.
You are covered in fur. (AC +1)
You have tough skin. (AC +1)


Message History

You scratch the scorpion.
The scorpion is severely wounded.
The scorpion stings you but does no damage.
You scratch the scorpion but do no damage.
The scorpion is severely wounded.
The scorpion barely misses you.
You claw the scorpion!
You kill the scorpion!
You have reached level 4!
An orc warrior comes into view. It is wielding a +0 dire flail.
An iguana comes into view.
The orc warrior shouts!
You hear a shout!
You hear a bark! x2
An orc comes into view. It is wielding a +0 club.
An orc priest comes into view. It is wielding a +0 hand axe.
The orc warrior unwields a +0 dire flail.
The orc warrior wields a +0 arbalest.
The orc warrior shoots a bolt.
The bolt hits you!
Found a book of Decay.
The orc warrior unwields a +0 arbalest.
The orc warrior wields a +0 dire flail.
The orc warrior hits you with a +0 dire flail!
A jackal comes into view.
You are too injured to fight recklessly!
You are too injured to fight recklessly!
You are too injured to fight recklessly!
You are too injured to fight recklessly!
You are too injured to fight recklessly!
You are too injured to fight recklessly!
You are too injured to fight recklessly!
You are too injured to fight recklessly!
You are too injured to fight recklessly!
You are too injured to fight recklessly!
You are too injured to fight recklessly!
You are too injured to fight recklessly!
The orc shouts!
You claw the orc warrior!
The orc warrior is moderately wounded.
A hound comes into view.
The orc warrior hits you with a +0 dire flail!!
Ouch! That really hurt!
You die...

#..##...#.#
##.##).#....#
##..##.#####.....
#####...#..##........
#.....†?......#
##....
#..........#### #...
#.........## ...
#.........#
#.!.....@$#
#.?.....o.#
##.#.####l.. #.#.
.<.h. # .o.....
......: h..o...
.......


You could see an orc warrior, an iguana, a hound (wandering), an orc priest, an
orc and a jackal.

Vanquished Creatures
  A scorpion (D:5)
  A hound (D:5)
2 creatures vanquished.

Notes
Turn   | Place    | Note
-------+----------+-------------------------------------------
     0 | D:5      | sircluck the Troll Delver began the quest for the Orb.
     0 | D:5      | Reached XP level 1. HP: 22/22 MP: 0/0
    10 | D:5      | Noticed a hound
    13 | D:5      | Noticed a scorpion
    19 | D:5      | Killed a hound
    20 | D:5      | Reached skill level 3 in Stealth
    20 | D:5      | Reached XP level 2. HP: 20/29 MP: 1/1
    20 | D:5      | Reached XP level 3. HP: 25/36 MP: 2/2
    27 | D:5      | Killed a scorpion
    28 | D:5      | Reached XP level 4. HP: 37/44 MP: 3/3
    30 | D:5      | Noticed an orc warrior
    35 | D:5      | Mangled by an orc warrior

Illustrated notes

Levels and vault maps discovered:
D:5:      layout_rooms, nicolae_ossuary_entry_plus, serial_shops, shop,
          uniq_prince_ribbit1, uniq_blork_the_orc

Skill      XL: |  1 |
---------------+----+-----
Stealth        | 3 |  3.5
Fighting       | |  2.7
Dodging        | |  1.9
Unarmed Combat | |  2.3

Action                     |  1- 3 |  4- 6 || total
---------------------------+-------+-------++-------
  Melee: Unarmed           |    14 |     1 ||    15
 Armour: Robe              |     2 |       ||     2
  Dodge: Dodged            |     7 |       ||     7

Table legend: (Time is in decaauts)
 A = Elapsed time spent in this place.
 B = Non-inter-level travel time spent in this place.
 C = Inter-level travel time spent in this place.
 D = Time resting spent in this place.
 E = Time spent auto-exploring this place.
 F = Levels seen in this place.
 G = Mean time per level.
                   A        B        C        D        E       F      G
               +--------+--------+--------+--------+--------+-----+--------+
         Total |     34 |     34 |      0 |      0 |     11 |   1 |   34.0 |
       Dungeon |     34 |     34 |      0 |      0 |     11 |   1 |   34.0 |
               +--------+--------+--------+--------+--------+-----+--------+

Top non-repeatable levels by time:
     D:5: 34 daAuts
